 Dungeon Crawl Stone Soup version 0.21.1-1-g345015f (webtiles) character file.

125 Fang the Covered (level 5, -13/33 HPs)
             Began as a Gargoyle Fighter on May 7, 2018.
             Mangled by an ogre
             ... wielding a +0 giant spiked club
              (19 damage)
             ... on level 5 of the Dungeon on May 8, 2018.
             The game lasted 00:06:14 (1849 turns).

Fang the Covered (Gargoyle Fighter)                 Turns: 1849, Time: 00:06:15

Health: -13/33     AC: 11    Str: 20    XL:     5   Next: 9%
Magic:  14/14      EV:  7    Int:  9    God:
Gold:   165        SH:  9    Dex:  9    Spells: 4/4 levels left

rFire    . . .     SeeInvis .   t - +5 falchion
rCold    . . .     Gourm    .   c - +0 shield
rNeg     + . .     Faith    .   b - +0 scale mail
rPois    ∞         Spirit   .   (no helmet)
rElec    +         Reflect  .   (no cloak)
rCorr    .         Harm     .   (no gloves)
MR       .....                  (no boots)
Stlth    ..........             (no amulet)
HPRegen  0.11/turn              m - ring of magical power
MPRegen  0.14/turn              (no ring)

@: flying
A: negative energy resistance 1, electricity resistance, unbreathing,
petrification resistance, rot immunity, AC +4
a: no special abilities


You were on level 5 of the Dungeon.
You were hungry.

You visited 1 branch of the dungeon, and saw 4 of its levels.

You collected 165 gold pieces.

Inventory:

Hand Weapons
 a - a +0 war axe
 t - a +5 falchion (weapon)
Armour
 b - a +0 scale mail (worn)
 c - a +0 shield (worn)
Jewellery
 m - a ring of magical power (left hand)
Scrolls
 k - a scroll of identify
 q - a scroll of remove curse
Potions
 d - a potion of might
 j - 2 potions of lignification {unknown}
 l - a potion of agility {unknown}
Comestibles
 f - 6 rations


   Skills:
 + Level 3.7 Fighting
 + Level 0.2 Long Blades
 + Level 3.2 Axes
 + Level 4.0 Armour
 + Level 0.3 Dodging
 + Level 4.0 Shields


You had 4 spell levels left.
You didn't know any spells.

Dungeon Overview and Level Annotations

Branches:
Dungeon (3/15)

Altars:
Cheibriados
Ru


Innate Abilities, Weirdness & Mutations

You are resistant to torment.
Your stone body is resilient. (AC +4)
You are immune to poison.
You resist negative energy. (rN+)
You are resistant to electric shocks. (rElec)
You can survive without breathing.
You are immune to petrification.
You are immune to rotting.


Message History

You are too injured to fight recklessly!
You are too injured to fight recklessly!
You are too injured to fight recklessly!
You are too injured to fight recklessly!
You are too injured to fight recklessly!
You are too injured to fight recklessly!
You are too injured to fight recklessly!
You are too injured to fight recklessly!
You are too injured to fight recklessly!
You are too injured to fight recklessly!
You are too injured to fight recklessly!
You are too injured to fight recklessly!
You are too injured to fight recklessly!
Unknown command.
It was a potion of flight.
You feel very buoyant.
You fly up into the air.
You block the crimson imp's attack.
The ogre hits you with a giant spiked club!!
Ouch! That really hurt!
You die...

... ##.## #...#
._. # .). #
#.##.##.#
#...O...#
#.####@####.#
#.....5.....#
######.######
#.......#
###.###.#####.#
..........# .#
........#.# #
###...#.#.#
##..#.# .


You could see an ogre and a crimson imp.

Vanquished Creatures
  Terence (D:2)
  An adder (D:2)
  An ooze (D:2)
  3 worms
  2 dart slugs
  2 leopard geckos (D:1)
  8 orcs (D:3)
  11 bats
  2 giant cockroaches
  2 goblins (D:2)
  9 hobgoblins
  3 jackals (D:3)
  4 kobolds
  A quokka (D:2)
  2 ball pythons (D:2)
  3 frilled lizards (D:2)
  6 rats
61 creatures vanquished.

Notes
Turn   | Place    | Note
-------+----------+-------------------------------------------
     0 | D:1      | Fang the Gargoyle Fighter began the quest for the Orb.
     0 | D:1      | Reached XP level 1. HP: 14/14 MP: 1/1
   290 | D:1      | Reached XP level 2. HP: 19/19 MP: 2/2
   804 | D:2      | Noticed Terence
   824 | D:2      | Killed Terence
   824 | D:2      | Reached XP level 3. HP: 9/23 MP: 3/3
  1077 | D:2      | Reached XP level 4. HP: 27/28 MP: 4/4
  1375 | D:2      | Found a snail-covered altar of Cheibriados.
  1721 | D:3      | Reached XP level 5. HP: 32/33 MP: 5/5
  1834 | D:3      | You fall through a shaft for 2 floors!
  1834 | D:5      | Entered Level 5 of the Dungeon
  1838 | D:5      | Found a sacrificial altar of Ru.
  1839 | D:5      | Noticed an ogre
  1849 | D:5      | Mangled by an ogre

Skill      XL: |  1  2  3  4 |
---------------+-------------+-----
Axes           | 2 3 |  3.2
Armour         | 4 |  4.0
Shields        | 4 |  4.0
Fighting       | |  3.7
Long Blades    | |  0.2
Dodging        | |  0.3

Action                   |  1- 3 |  4- 6 || total
-------------------------+-------+-------++-------
Melee: War axe           |   105 |    68 ||   173
       Falchion          |       |    47 ||    47
  Use: Scroll            |       |    10 ||    10
       Potion            |       |     2 ||     2
  Eat: Chunk             |     1 |     2 ||     3
Armor: Scale mail        |    76 |    71 ||   147
Dodge: Dodged            |    32 |    48 ||    80
Block: Shield            |    63 |    57 ||   120
       Rpst.: Falchion   |       |     5 ||     5
